 Dungeon Crawl Stone Soup version 0.13.0-6-g40e4d2d (webtiles) character file.

514 Antur the Slasher (level 6, -1/44 HPs)
             Began as a Merfolk Skald on Oct 15, 2013.
             Was a Follower of Ashenzari.
             Slain by a scorpion zombie (7 damage)
             ... on Level 4 of the Dungeon.
             The game lasted 00:13:55 (3874 turns).

Antur the Slasher (Merfolk Skald)                   Turns: 3874, Time: 00:13:55

HP  -1/44        AC  4     Str 12      XL: 6   Next: 55%
MP  10/11        EV 12     Int 12      God: Ashenzari [*.....]
Gold 176         SH  0     Dex 15      Spells:  1 memorised,  8 levels left

Res.Fire  : . . .   See Invis. : .   a - +0 falchion (curse)
Res.Cold  : . . .   Warding    : .   b - +0 leather armour (curse)
Life Prot.: . . .   Conserve   : .   (no shield)
Res.Poison: .       Res.Corr.  : .   k - +0 helmet
Res.Elec. : .       Clarity    : .   (no cloak)
Sust.Abil.: . .     Spirit.Shd : .   (no gloves)
Res.Mut.  : .       Stasis     : .   (no boots)
Res.Rott. : .       Flight     : .   (no amulet)
Saprovore : . . .                    (no ring)
                                     (no ring)

@: drained, slightly resistant to hostile enchantments, unstealthy
A: change form in water, swift swim
a: Renounce Religion


You were on level 4 of the Dungeon.
You worshipped Ashenzari.
Ashenzari was aware of your devotion.
You were not hungry.

You visited 1 branch of the dungeon, and saw 4 of its levels.
You also visited: Sewer.

You collected 156 gold pieces.

Inventory:

Hand weapons
 a - a cursed +0,+0 falchion (weapon)
 e - a +2,+3 dwarven dagger of speed (quivered)
Armour
 b - a cursed +0 leather armour (worn)
 k - a +0 helmet (worn)
Comestibles
 d - 4 bread rations
 g - 3 meat rations
Scrolls
 h - a scroll of identify
 j - a scroll of teleportation
 m - 2 scrolls of curse jewellery
 r - a scroll of enchant weapon II {unknown}
Jewellery
 n - an uncursed amulet of stasis
Potions
 f - 4 potions of might {unknown}
 i - 2 potions of curing
 l - a potion of magic {unknown}
 o - a potion of heal wounds
 p - a potion of brilliance {unknown}
 q - a potion of agility {unknown}
Books
 c - a book of Battle

   Spells                             Type                      Level
   *Infusion                          Charms                       1
   Shroud of Golubria                 Charms/Translocation         2
   Song of Slaying                    Charms                       2
   Spectral Weapon                    Hexes/Charms                 3
   Regeneration                       Charms/Necromancy            3
   Song of Shielding                  Charms                       4


   Skills:
 - Level 2.1(1.2) Fighting
 * Level 6.4(5.4) Long Blades
 - Level 0.6(0.0) Armour
 + Level 4.2(3.2) Dodging
 - Level 2.0(1.1) Spellcasting
 + Level 3.4(2.5) Charms


You had 8 spell levels left.
You knew the following spells:

 Your Spells              Type           Power        Failure   Level  Hunger
a - Infusion              Chrm           #.....       12%         1    ##.....


Dungeon Overview and Level Annotations

Branches:
Dungeon (4/27)
 Temple: D:4-7

Altars:
Ashenzari
Vehumet


Message History

The scorpion zombie barely misses you.
You barely miss the scorpion zombie. You barely miss the scorpion zombie.
The scorpion zombie hits you!
You hit the scorpion zombie. The scorpion zombie hits you.
You hit the scorpion zombie but do no damage.
The scorpion zombie barely misses you.
You hit the scorpion zombie. The scorpion zombie barely misses you.
You barely miss the scorpion zombie. You hit the scorpion zombie.
The scorpion zombie hits you.
You hit the scorpion zombie but do no damage.
The scorpion zombie hits you.
* * * LOW HITPOINT WARNING * * *
You hit the scorpion zombie. The scorpion zombie hits you.
* * * LOW HITPOINT WARNING * * *
Casting: Infusion
Confirm with . or Enter, or press ? or * to list all spells.
Your attacks are magically infused.
The scorpion zombie hits you but does no damage.
You hit the scorpion zombie. The scorpion zombie hits you!
You die...

.(... ..#....#.## #
............
............## ##
.............. .. ..
............# ...#
......§8P...+ ...+
.......§§§..##....####.##
#..z@§§..............
......§§P§§.####..#......
......§§§#.........##...
..#....#§####.......+...
.............(......#...
.#.#...###...#.....####
#.#.........#........'
.....##...#...#...## ..
#...#...#.....


You could see a scorpion zombie.

Vanquished Creatures
  An ogre (D:4)
  A worker ant (D:4)
  Ijyb (D:2)
  3 gnolls
  9 adders
  A green rat (D:3)
  2 giant mites
  An inept feature mimic (D:2)
  A grey rat (D:3)
  A giant gecko (D:3)
  5 orcs (D:3)
  3 ball pythons
  A bat zombie (D:3)
  9 giant cockroaches
  9 hobgoblins
  3 jackals (D:1)
  4 bats
  9 giant newts
  6 goblins
  A goblin zombie (D:4)
  3 kobolds
  An orc skeleton (D:4)
  A quokka zombie (D:4)
  5 rats
81 creatures vanquished.

Notes
Turn   | Place    | Note
--------------------------------------------------------------
     0 | D:1      | Antur, the Merfolk Skald, began the quest for the Orb.
     0 | D:1      | Reached XP level 1. HP: 15/15 MP: 3/3
   212 | D:1      | Found a shattered altar of Ashenzari.
   225 | D:1      | Reached XP level 2. HP: 18/21 MP: 1/5
   234 | D:1      | Became a worshipper of Ashenzari the Shackled
   673 | D:2      | Reached XP level 3. HP: 23/26 MP: 2/6
   734 | D:2      | Noticed Ijyb
   758 | D:2      | Killed Ijyb
   758 | D:2      | Reached skill level 4 in Long Blades
   897 | D:2      | Reached XP level 4. HP: 17/33 MP: 0/8
  1665 | D:3      | Found a glowing drain.
  1721 | D:3      | Reached XP level 5. HP: 12/38 MP: 3/9
  1767 | Sewer    | Entered a sewer
  1773 | Sewer    | Reached skill level 5 in Long Blades
  1869 | Sewer    | Noticed Purgy
  2436 | D:3      | Found a radiant altar of Vehumet.
  3552 | D:4      | Noticed an ogre
  3565 | D:4      | Reached XP level 6. HP: 44/44 MP: 7/11
  3570 | D:4      | Killed an ogre
  3570 | D:4      | Reached skill level 6 in Long Blades
  3790 | D:4      | Paralysed by a giant eyeball for 3 turns
  3797 | D:4      | Paralysed by a giant eyeball for 4 turns
  3804 | D:4      | Paralysed by a giant eyeball for 3 turns
  3874 | D:4      | Slain by a scorpion zombie

Action                   |  1- 3 |  4- 6 || total
-------------------------+-------+-------++-------
Melee: Falchion          |   104 |   254 ||   358
Throw: Throwing net      |       |     4 ||     4
 Cast: Infusion          |    17 |    25 ||    42
  Use: Scroll            |     1 |     8 ||     9
       Potion            |       |     4 ||     4
